 Dungeon Crawl Stone Soup version 0.17.1-3-g152610e (webtiles) character file.

160941 Stendarr the Thaumaturge (level 17, 0/156 HPs)
             Began as a Troll Fire Elementalist on Apr 20, 2016.
             Was the Champion of Sif Muna.
             Slain by an anaconda (4 damage)
             ... on level 3 of the Snake Pit.
             The game lasted 04:39:43 (50944 turns).

Stendarr the Thaumaturge (Troll Fire Elementalist) Turns: 50944, Time: 04:39:43

Health: 0/156      AC: 22    Str: 20    XL:     17   Next: 19%
Magic:  4/31       EV:  8    Int: 21    God:    Sif Muna [******]
Gold:   3112       SH: 12    Dex:  9    Spells: 11 memorised, 1 level left

rFire  . . .     SeeInvis .     A - +3 morningstar (protect)
rCold  + . .     Clarity  .     t - +0 robe {Archmagi}
rNeg   . . .     SustAt   .     Y - +2 shield {AC+3}
rPois  .         Gourm    +     (helmet restricted)
rElec  .         Spirit   .     h - +2 cloak
rCorr  .         Warding  .     (gloves unavailable)
rMut   .         Stasis   .     (boots unavailable)
MR     +....                    R - amulet of faith
Stlth  +.........               V - +5 ring of intelligence
                                z - +2 ring of protection

@: lethally poisoned (0 -> -20), swift, poison vulnerable, very slightly
contaminated, hasted, constricted, repel missiles, invisible, very quick,
somewhat resistant to hostile enchantments, very unstealthy
A: unfitting armour, claws 3, rough black scales 1, cold resistance 1, fast
metabolism 3, gourmand, poison resistance, regeneration 2, shaggy fur 1, spit
poison 1, tough skin 2
a: Spit Poison, Channel Energy, Forget Spell, Renounce Religion


You were on level 3 of the Snake Pit.
You worshipped Sif Muna.
Sif Muna was exalted by your worship.
You were hungry.

You visited 5 branches of the dungeon, and saw 32 of its levels.
You also visited: Bailey.

You collected 3540 gold pieces.
You spent 428 gold pieces at shops.

Inventory:

Hand Weapons
 A - a +3 morningstar of protection (weapon)
Armour
 h - a +2 cloak (worn)
 t - a +0 robe of the Archmagi (worn)
 Y - a +2 shield of protection (worn)
Rods
 a - a +3 lightning rod (14/14)
   (You found it on level 4 of the Snake Pit)
Jewellery
 b - an uncursed ring of magical power
 k - an uncursed ring of invisibility
 z - a +2 ring of protection (left claw)
 H - a +3 ring of evasion
 R - an amulet of faith (around neck)
 S - an uncursed ring of protection from cold
 T - an uncursed ring of see invisible
 V - a +5 ring of intelligence (right claw)
Wands
 e - a wand of disintegration (0)
 f - a wand of teleportation (1)
 g - a wand of digging (12)
 x - a wand of cold (12)
 y - a wand of heal wounds (3)
 U - a wand of invisibility (2)
Scrolls
 d - a scroll of brand weapon
 i - a scroll of identify
 j - 12 scrolls of remove curse
 l - 2 scrolls of teleportation
 o - 3 scrolls of fog
 r - a scroll of summoning
 v - 6 scrolls of enchant armour
 G - 5 scrolls of recharging
 W - a scroll of magic mapping
Potions
 n - 4 potions of brilliance
 q - 11 potions of curing
 u - a potion of heal wounds
 B - a potion of flight
 D - 5 potions of agility
 E - 2 potions of haste
 F - 3 potions of magic
 L - a potion of cancellation
 M - 3 potions of might
 Q - 2 potions of resistance
 X - 3 potions of cure mutation
Books
 m - Sif Muna's Papyrus of Enhancements
   (Sif Muna gifted it to you on level 3 of the Lair of Beasts)

   Spells                             Type                      Level
   a - Infusion                       Charms                       1
   b - Shroud of Golubria             Charms/Translocation         2
   c - Ozocubu's Armour               Charms/Ice                   3
   d - Haste                          Charms                       6
   e - Ring of Flames                 Charms/Fire                  7
 J - a book of Summonings

   Spells                             Type                      Level
   a - Recall                         Summoning/Translocation      3
   b - Aura of Abjuration             Summoning                    5
   c - Shadow Creatures               Summoning                    5
   d - Summon Demon                   Summoning                    5
   e - Summon Forest                  Summoning/Translocation      5
   f - Summon Mana Viper              Hexes/Summoning              5
 N - Sif Muna's Compendium of Harmful Heat
   (Sif Muna gifted it to you on level 1 of the Snake Pit)

   Spells                             Type                      Level
   a - Throw Flame                    Conjuration/Fire             2
   b - Inner Flame                    Hexes/Fire                   3
   c - Sticky Flame                   Conjuration/Fire             4
   d - Bolt of Magma                  Conjuration/Fire/Earth       5
   e - Bolt of Fire                   Conjuration/Fire             6
Comestibles
 c - 18 bread rations
 p - 6 meat rations
 s - 4 chunks of flesh
 K - 13 fruits


   Skills:
 - Level 7.0 Fighting
 - Level 8.0 Maces & Flails
 - Level 6.0 Dodging
 - Level 1.1 Stealth
 - Level 9.0 Shields
 - Level 11.5 Spellcasting
 - Level 9.1 Conjurations
 * Level 6.2 Charms
 - Level 5.2 Summonings
 - Level 9.1 Fire Magic
 - Level 6.0 Invocations


You had one spell level left.
You knew the following spells:

 Your Spells              Type           Power        Failure   Level  Hunger
a - Shadow Creatures      Summ           N/A          21%         5    ####...
b - Conjure Flame         Conj/Fire      ######..     1%          3    None
c - Throw Flame           Conj/Fire      ######       1%          2    None
d - Sticky Flame          Conj/Fire      ######..     1%          4    #......
g - Fireball              Conj/Fire      ######....   3%          5    ####...
h - Force Lance           Conj/Tloc      #####...     12%         4    #......
i - Iskenderun's Battles  Conj/Chrm      ######..     8%          5    ####...
j - Repel Missiles        Chrm/Air       #####.       1%          2    None
k - Swiftness             Chrm/Air       #####...     1%          2    None
l - Bolt of Magma         Conj/Fire/Erth ######....   17%         5    ####...
m - Infusion              Chrm           ######       1%          1    None


Dungeon Overview and Level Annotations

Branches:
Dungeon (15/15)            Temple (1/1) D:4            Lair (8/8) D:11
 Shoals (0/4) Lair:3        Snake (4/4) Lair:3        Slime (0/6) Lair:7
    Orc (4/4) D:12            Elf (0/3) Orc:4        Vaults (0/5) D:13
 Depths: D:15

Altars:
Ashenzari
Cheibriados
Dithmenos
Elyvilon
Fedhas
Gozag
Kikubaaqudgha
Makhleb
Nemelex Xobeh
Okawaru
Qazlal
Ru
Sif Muna
Trog
Vehumet
Xom
Yredelemnul
Zin
The Shining One

Shops:
D:12 ?   Orc:2 %   Snake:1 (

Annotations:
D:3 Sigmund
D:15 nublet's ghost, journeyman OgBe
Lair:3 exclusion: oklob plant
Orc:4 F1L1N's ghost, journeyman TrBe; Tobisume's ghost, journeyman DsFi; emiel's ghost, journeyman MiBe


Innate Abilities, Weirdness & Mutations

You are too large for most types of armour.
You have claws for hands.
Your metabolism is lightning-fast.
You like to eat raw meat.
You heal very quickly.
You are covered in fur (AC +1).
You have very tough skin (AC +2).
You are partially covered in rough black scales (AC +4, Dex -1).
Your flesh is cold resistant.
Your system is resistant to poisons.
You can spit weak poison.


Message History

Unknown command.
Drink which item? (? for menu, Esc to quit)
You feel yourself speed up. The black mamba closely misses you.
The black mamba bites you.
* * * LOW HITPOINT WARNING * * *
You are poisoned.
The black mamba poisons you! You block the anaconda's attack.
The anaconda bites you.
* * * LOW HITPOINT WARNING * * *
The anaconda constricts you. The black mamba bites you!!
* * * LOW HITPOINT WARNING * * *
You are lethally poisoned!
The black mamba poisons you! You block the black mamba's attack.
The anaconda closely misses you.
You are very lightly contaminated with residual magic.
Drink which item? (? for menu, Esc to quit)
You fade into invisibility!
* * * LOW HITPOINT WARNING * * *
You feel sick. The anaconda bites you.
You die...

#.#########.# ############# #.#
#.#### #...........# #.# #.....
###.#########.# #.# ######
.##.#.....!...# #.#
.##.#.############.#######
..#.#.# #....#.#.....#
..#.#.#######.##S#.#.....#
..#.#..........#@S..?....#
..#.#########..#SS.......####
...........<......).........#
#.....#####.#..#......#####.#####
#.....'.....#..#......# #.#....
'.....#######..#.###### #.#.###
##....##..*....#[##########.#.#..
####'###.####.##............#....
# #.......##.####....#########.#


You could see 2 anacondas and 2 black mambas.

Vanquished Creatures
  3 greater nagas
  Maud (Lair:5)
  An orc warlord (Bailey)
  Snorg (Lair:7)
  4 vault guards (D:13)
  6 naga warriors
  12 hydras
  A catoblepas (D:14)
  4 ogre magi (Orc:4)
  A centaur warrior (D:13)
  10 anacondas
  A queen ant (Lair:8)
  20 death yaks
  2 naga sharpshooters
  5 shock serpents
  3 salamander mystics
  2 wizards
  A naga ritualist (Snake:1)
  2 unseen horrors
  Pikel (D:6)
  7 hill giants
  6 ugly things
  An oklob plant (Lair:1)
  2 griffons
  6 mana vipers
  A cyclops (D:13)
  An orc sorcerer (Orc:2)
  18 salamanders
  A faun (Lair:2)
  A manticore (D:14)
  24 elephants
  7 naga magi
  Joseph (D:10)
  3 guardian serpents
  34 black mambas
  A torpor snail (Lair:8)
  A gargoyle (D:12)
  25 spiny frogs
  A komodo dragon (shapeshifter) (D:14)
  3 fire drakes
  A kobold demonologist (D:12)
  8 komodo dragons
  2 yaktaurs (D:13)
  An efreet (D:14)
  A merfolk (D:11)
  2 giant leeches (Lair:7)
  A polar bear (Lair:7)
  6 trolls
  A tengu conjurer (D:14)
  9 two-headed ogres (Orc:4)
  37 blink frogs
  A boulder beetle (Lair:7)
  6 slime creatures
  2 deep elf magi
  A wraith (D:12)
  A centaur simulacrum (D:14)
  14 hippogriffs
  51 yaks
  A water elemental (D:15)
  3 basilisks
  11 wolves
  Eustachio (D:6)
  2 wyverns (Lair:5)
  16 humans
  A warg (Orc:3)
  8 soldier ants
  A hungry ghost (D:13)
  A mottled dragon (D:14)
  12 vampire mosquitoes
  16 water moccasins
  5 ice beasts
  21 nagas
  19 orc warriors
  3 eyes of draining
  3 phantoms
  A necrophage (D:7)
  3 sky beasts
  2 black bears
  10 porcupines
  A wasp (D:10)
  17 crocodiles
  16 centaurs
  21 ogres
  A brain worm (D:14)
  5 big kobolds
  48 giant frogs
  2 gnoll sergeants
  A wyvern zombie (D:12)
  A water moccasin zombie (D:7)
  10 killer bees
  2 scorpions
  2 wights (D:12)
  5 electric eels
  6 crimson imps
  3 giant frog zombies
  2 quasits
  4 centaur zombies
  8 jellies
  29 orc wizards
  4 gnoll shamans (D:3)
  14 orc priests
  Ijyb (D:2)
  5 centaur skeletons
  2 giant frog skeletons
  33 worker ants
  6 hounds
  Terence (D:1)
  Natasha (thrice) (D:2)
  13 iguanas
  11 sheep
  A hound zombie (D:8)
  Robin (D:2)
  11 adders
  A worker ant zombie (D:6)
  51 gnolls
  4 shadow imps
  73 river rats
  3 adder zombies
  An adder skeleton (D:4)
  6 worms
  3 giant geckos
  180 orcs
  A ball python (D:7)
  7 giant cockroaches
  15 hobgoblins
  28 jackals
  49 kobolds
  2 quokkas
  14 bats
  A giant gecko skeleton (D:8)
  A giant gecko zombie (D:7)
  8 giant newts
  20 goblins
  A jackal skeleton (D:8)
  A jackal zombie (D:8)
  2 quokka skeletons
  9 rats
  A bush (D:14)
1282 creatures vanquished.

Vanquished Creatures (collateral kills)
  A death yak (Lair:8)
  A hill giant (D:12)
  A salamander (Snake:3)
  A centaur zombie (D:12)
  A black mamba (Snake:3)
  A centaur skeleton (D:12)
  A komodo dragon (Lair:3)
  3 blink frogs (Lair:2)
  A yak (D:12)
  A water moccasin (Lair:8)
  An orc warrior (D:10)
  A centaur (D:10)
  A necrophage (D:10)
  A killer bee (D:12)
  A wight (D:12)
  A crimson imp (D:10)
  2 hounds
  3 orc priests
  2 hound zombies
  3 orcs
28 creatures vanquished.

Vanquished Creatures (others)
  A quasit (D:10)
  A sheep (Lair:2)
  A kobold (D:14)
  A bush (Lair:6)
  35 fungi
  34 plants
73 creatures vanquished.

Grand Total: 1383 creatures vanquished

Notes
Turn   | Place    | Note
--------------------------------------------------------------
     0 | D:1      | Stendarr the Troll Fire Elementalist began the quest for the Orb.
     0 | D:1      | Reached XP level 1. HP: 16/16 MP: 1/1
   193 | D:1      | Reached XP level 2. HP: 22/24 MP: 3/3
   597 | D:2      | Reached XP level 3. HP: 12/31 MP: 1/5
   814 | D:2      | Noticed Natasha
   853 | D:2      | Killed Natasha
   853 | D:2      | Reached skill level 1 in Conjurations
   853 | D:2      | Reached XP level 4. HP: 39/39 MP: 1/6
  1016 | D:2      | Noticed Terence
  1024 | D:2      | Learned a level 3 spell: Conjure Flame
  1027 | D:2      | Learned a level 2 spell: Throw Flame
  1034 | D:2      | Noticed Natasha
  1087 | D:1      | Killed Terence
  1167 | D:2      | Killed Natasha
  1209 | D:2      | Reached XP level 5. HP: 40/45 MP: 6/8
  1365 | D:2      | Found a stormy altar of Qazlal.
  1425 | D:2      | Noticed Ijyb
  1433 | D:2      | Killed Ijyb
  1437 | D:2      | Found a shadowy altar of Dithmenos.
  1521 | D:2      | Noticed Natasha
  1702 | D:2      | Killed Natasha
  1815 | D:2      | Reached skill level 3 in Spellcasting
  2067 | D:3      | Noticed Sigmund
  2067 | D:3      | Noticed Robin
  2290 | D:2      | Killed Robin
  2405 | D:3      | Reached XP level 6. HP: 32/53 MP: 9/9
  3041 | D:3      | Noticed an ogre
  3047 | D:3      | Killed an ogre
  3161 | D:3      | Reached XP level 7. HP: 46/59 MP: 1/11
  3989 | D:4      | Found a staircase to the Ecumenical Temple.
  3995 | Temple   | Entered the Ecumenical Temple
  4854 | D:5      | Entered Level 5 of the Dungeon
  4870 | D:5      | Reached skill level 4 in Spellcasting
  4999 | D:5      | Reached XP level 8. HP: 32/67 MP: 4/13
  6254 | D:5      | Reached skill level 5 in Spellcasting
  6579 | D:6      | Learned a level 4 spell: Sticky Flame
  6853 | D:6      | Found a deep blue altar of Sif Muna.
  6855 | D:6      | Found a shattered altar of Ashenzari.
  6861 | D:6      | Became a worshipper of Sif Muna the Loreminder
  7081 | D:6      | Reached XP level 9. HP: 65/74 MP: 10/16
  7224 | D:6      | Reached skill level 1 in Invocations
  7438 | D:6      | Learned a level 1 spell: Summon Small Mammal
  7475 | D:6      | Noticed Eustachio
  7488 | D:6      | Killed Eustachio
  7626 | D:6      | Found a sparkling altar of Nemelex Xobeh.
  7723 | D:6      | Found a shimmering altar of Xom.
  7738 | D:6      | Noticed Pikel
  7781 | D:6      | Killed Pikel
  7781 | D:6      | Reached * piety under Sif Muna
  7781 | D:6      | Reached skill level 5 in Conjurations
  7781 | D:6      | Reached skill level 5 in Fire Magic
  8169 | D:7      | Reached skill level 6 in Spellcasting
  8840 | D:7      | Reached ** piety under Sif Muna
  9073 | D:7      | Reached XP level 10. HP: 81/81 MP: 13/18
  9826 | D:8      | Learned a level 1 spell: Animate Skeleton
  9873 | D:8      | Found a blossoming altar of Fedhas.
  9874 | D:8      | Found an ancient bone altar of Kikubaaqudgha.
  9983 | D:8      | Reached skill level 1 in Shields
 10718 | D:9      | Found an ancient bone altar of Kikubaaqudgha.
 11087 | D:9      | Reached skill level 7 in Spellcasting
 11093 | D:9      | Found a white marble altar of Elyvilon.
 11164 | D:9      | Got a slimy war axe
 11165 | D:9      | Identified the +5 war axe "Geas" {venom, MR- Str+4} (You found it on level 9 of the Dungeon)
 11413 | D:10     | Entered Level 10 of the Dungeon
 11466 | D:10     | Noticed Joseph
 11616 | D:10     | Reached *** piety under Sif Muna
 11648 | D:10     | Killed Joseph
 11693 | D:10     | Learned a level 5 spell: Fireball
 11752 | D:10     | Your ally Joseph died
 12340 | D:10     | Reached XP level 11. HP: 80/88 MP: 13/21
 12412 | D:11     | Noticed a hill giant
 12423 | D:11     | Killed a hill giant
 12526 | D:11     | Noticed an unseen horror
 12532 | D:11     | Killed an unseen horror
 12550 | D:11     | Reached **** piety under Sif Muna
 12618 | D:11     | Found a staircase to the Lair.
 12724 | D:11     | Noticed an eight-headed hydra
 12732 | D:11     | Killed an eight-headed hydra
 12983 | D:11     | Gained mutation: Your flesh is cold resistant. [potion of mutation]
 12983 | D:11     | Gained mutation: Your system is resistant to poisons. [potion of mutation]
 12983 | D:11     | Gained mutation: You can spit weak poison. [potion of mutation]
 13641 | D:11     | Reached skill level 5 in Shields
 14352 | D:12     | Reached ***** piety under Sif Muna
 14391 | D:12     | Reached skill level 8 in Spellcasting
 14526 | D:12     | Found a staircase to the Orcish Mines.
 14546 | D:12     | Found Anokhoas's Magic Scroll Boutique.
 14628 | D:12     | Bought a scroll of blinking for 112 gold pieces
 14628 | D:12     | Bought a scroll of magic mapping for 52 gold pieces
 14869 | D:12     | Noticed a hill giant
 14875 | D:12     | Killed a hill giant
 14958 | D:12     | Noticed a hill giant
 14983 | D:12     | Noticed a hill giant
 14987 | D:12     | Killed a hill giant
 15337 | D:12     | Reached XP level 12. HP: 87/96 MP: 13/23
 15589 | D:12     | Killed a hill giant
 16286 | Lair:1   | Entered Level 1 of the Lair of Beasts
 16764 | Lair:1   | Reached ****** piety under Sif Muna
 16764 | Lair:1   | Received a gift from Sif Muna
 16881 | Lair:1   | Identified Eqa Igoe's Compendium of Conjuration and the Arsonist (Sif Muna gifted it to you on level 1 of the Lair of Beasts)
 16929 | Lair:1   | Learned a level 4 spell: Force Lance
 18009 | Lair:2   | Reached skill level 1 in Fighting
 18443 | Lair:2   | Found an iron altar of Okawaru.
 18457 | Lair:2   | Reached skill level 9 in Spellcasting
 18705 | Lair:2   | Noticed a four-headed hydra
 18728 | Lair:2   | Killed a four-headed hydra
 19345 | Lair:2   | Received a gift from Sif Muna
 19364 | Lair:2   | Identified Sif Muna's Reference Book on Confrontation and the Blaze (Sif Muna gifted it to you on level 2 of the Lair of Beasts)
 19371 | Lair:2   | Learned a level 5 spell: Iskenderun's Battlesphere
 19633 | Lair:3   | Reached XP level 13. HP: 88/107 MP: 4/25
 20152 | Lair:3   | Reached skill level 1 in Charms
 20421 | Lair:3   | Found a staircase to the Shoals.
 20760 | Lair:3   | Noticed a naga warrior
 20799 | Lair:3   | Killed a naga warrior
 20995 | Lair:3   | Found a staircase to the Snake Pit.
 22443 | Lair:5   | Noticed Maud
 22520 | Lair:5   | Killed Maud
 23498 | Lair:5   | Received a gift from Sif Muna
 23517 | Lair:5   | Identified Sif Muna's Papyrus of Confrontation and the Glacier (Sif Muna gifted it to you on level 5 of the Lair of Beasts)
 24137 | Lair:5   | Reached skill level 5 in Charms
 24653 | Lair:6   | Reached skill level 1 in Maces & Flails
 24777 | Lair:6   | Gained mutation: You are partially covered in rough black scales (AC +4, Dex -1). [potion of beneficial mutation]
 25405 | Lair:5   | Reached XP level 14. HP: 87/120 MP: 8/26
 26335 | Lair:7   | Reached skill level 10 in Spellcasting
 26404 | Lair:7   | Found a staircase to the Slime Pits.
 27140 | Lair:7   | Noticed Snorg
 27268 | Lair:7   | Killed Snorg
 27268 | Lair:7   | Reached skill level 5 in Fighting
 27455 | Lair:7   | Your ally Snorg died
 28115 | Lair:8   | Entered Level 8 of the Lair of Beasts
 28749 | Lair:8   | Reached skill level 5 in Maces & Flails
 30026 | Lair:7   | Reached skill level 5 in Dodging
 30755 | Lair:8   | Reached XP level 15. HP: 111/139 MP: 0/28
 33343 | Lair:8   | Received a gift from Sif Muna
 33344 | Lair:8   | Identified Sif Muna's Incunabulum of Cloudy Confrontation (Sif Muna gifted it to you on level 8 of the Lair of Beasts)
 33627 | Lair:8   | Learned a level 2 spell: Repel Missiles
 33630 | Lair:8   | Learned a level 2 spell: Swiftness
 34066 | Orc:1    | Entered Level 1 of the Orcish Mines
 34413 | Orc:2    | Found a flagged portal.
 34493 | Bailey   | Entered a bailey
 34638 | Bailey   | Found a runed gate.
 34638 | Bailey   | Found a runed gate.
 34649 | Bailey   | Found a runed gate.
 34883 | Bailey   | Identified a scroll of acquirement
 35934 | Orc:2    | Found Adwochent's Food Shoppe.
 36500 | Orc:4    | Entered Level 4 of the Orcish Mines
 36524 | Orc:4    | Found a staircase to the Elven Halls.
 36701 | Orc:4    | Noticed Tobisume's ghost (journeyman DsFi)
 37058 | D:13     | Noticed a centaur warrior
 37071 | D:13     | Killed a centaur warrior
 37745 | D:13     | Noticed a wizard
 37748 | D:13     | Noticed a vault guard
 37771 | D:13     | Killed a wizard
 37773 | D:13     | Noticed a vault guard
 37807 | D:13     | Noticed a vault guard
 37811 | D:13     | Noticed a necromancer
 37813 | D:13     | Noticed a vault guard
 37818 | D:13     | Killed a vault guard
 37896 | D:13     | Killed a vault guard
 38040 | D:13     | Killed a vault guard
 38198 | D:13     | Killed a vault guard
 38198 | D:13     | Received a gift from Sif Muna
 38319 | D:13     | Found a gate to the Vaults.
 38413 | D:13     | Noticed a hill giant
 38428 | D:13     | Killed a hill giant
 38962 | D:14     | Found a shattered altar of Ashenzari.
 38968 | D:14     | Found a glowing golden altar of the Shining One.
 39742 | D:14     | Reached XP level 16. HP: 126/149 MP: 29/29
 40008 | D:15     | Entered Level 15 of the Dungeon
 40154 | D:15     | Noticed nublet's ghost (journeyman OgBe)
 40365 | D:14     | Reached skill level 11 in Spellcasting
 41395 | Orc:4    | Reached skill level 1 in Summonings
 41403 | Orc:4    | Noticed F1L1N's ghost (journeyman TrBe)
 41620 | Orc:4    | Noticed emiel's ghost (journeyman MiBe)
 42415 | Snake:1  | Entered Level 1 of the Snake Pit
 42420 | Snake:1  | Received a gift from Sif Muna
 42421 | Snake:1  | Identified Sif Muna's Compendium of Harmful Heat (Sif Muna gifted it to you on level 1 of the Snake Pit)
 42428 | Snake:1  | Learned a level 5 spell: Bolt of Magma
 42789 | Snake:1  | Found Igrowink's Antique Weapon Shop.
 42800 | Snake:1  | Bought a translucent mace for 264 gold pieces
 42806 | Snake:1  | Identified the +10 mace of the Ecumenical Temple {antimagic, *Corrode rPois MP+9 Dex+4} (You bought it in a shop on level 1 of the Snake Pit)
 45379 | Lair:3   | Received a gift from Sif Muna
 45380 | Lair:3   | Identified Sif Muna's Papyrus of Enhancements (Sif Muna gifted it to you on level 3 of the Lair of Beasts)
 47431 | Snake:2  | Learned a level 1 spell: Infusion
 47830 | Snake:3  | Reached skill level 5 in Invocations
 48480 | Snake:3  | Reached skill level 5 in Summonings
 49168 | Snake:3  | Reached XP level 17. HP: 128/156 MP: 27/31
 49211 | Snake:3  | Learned a level 5 spell: Shadow Creatures
 50045 | Snake:4  | Entered Level 4 of the Snake Pit
 50730 | Snake:4  | Received a gift from Sif Muna
 50943 | Snake:3  | HP: 6/156 [black mamba (19)]
 50944 | Snake:3  | Slain by an anaconda

Action                   |  1- 3 |  4- 6 |  7- 9 | 10-12 | 13-15 | 16-18 || total
-------------------------+-------+-------+-------+-------+-------+-------++-------
Melee: Unarmed           |   136 |       |       |       |       |       ||   136
       Spear             |    24 |   205 |   134 |       |       |       ||   363
       Morningstar       |       |       |   163 |   422 |  1064 |   342 ||  1991
 Fire: Blowgun           |       |    19 |     7 |       |       |       ||    26
 Cast: Flame Tongue      |    16 |    77 |   236 |   325 |   777 |    86 ||  1517
       Conjure Flame     |       |     3 |    12 |    14 |    26 |    13 ||    68
       Throw Flame       |       |     3 |     2 |    67 |    87 |    39 ||   198
       Sticky Flame      |       |       |    16 |   166 |   326 |   114 ||   622
       Animate Skeleton  |       |       |       |    44 |     7 |       ||    51
       Summon Small Mamm |       |       |       |     2 |     3 |     1 ||     6
       Force Lance       |       |       |       |     4 |    13 |   121 ||   138
       Iskenderun's Batt |       |       |       |       |    42 |    49 ||    91
       Fireball          |       |       |       |       |     2 |    18 ||    20
       Repel Missiles    |       |       |       |       |     1 |     6 ||     7
       Bolt of Magma     |       |       |       |       |       |    29 ||    29
       Infusion          |       |       |       |       |       |     3 ||     3
       Shadow Creatures  |       |       |       |       |       |     3 ||     3
       Swiftness         |       |       |       |       |       |     1 ||     1
Invok: Channel Energy    |       |       |     7 |    40 |   126 |    83 ||   256
       Forget Spell      |       |       |       |       |       |     2 ||     2
Evoke: Wand              |       |       |       |     1 |       |       ||     1
  Use: Scroll            |       |       |       |    19 |    16 |    17 ||    52
       Potion            |       |       |       |     1 |     3 |    12 ||    16
 Stab: Sleeping          |       |     2 |     3 |     2 |     2 |       ||     9
       Invisible         |       |       |       |     1 |       |       ||     1
  Eat: Chunk             |    14 |    23 |    61 |   124 |   218 |    70 ||   510
       Beef jerky        |       |       |       |       |     4 |     2 ||     6
       Fruit             |       |       |       |       |     4 |    33 ||    37
       Pizza             |       |       |       |       |     4 |     4 ||     8
       Royal jelly       |       |       |       |       |       |     2 ||     2
       Meat ration       |       |       |       |       |       |     3 ||     3
       Bread ration      |       |       |       |       |       |     1 ||     1
